 Dungeon Crawl Stone Soup version 0.18-a0-20-gaede791 (webtiles) character file.

427142 tosh the Impaler (level 23, -4/153 HPs)
             Began as a Gargoyle Fighter on Nov 2, 2015.
             Was the Champion of Okawaru.
             Slain by an azure jelly (20 damage)
             ... created by the royal jelly
             ... on level 5 of the Pits of Slime.
             The game lasted 03:02:03 (60558 turns).

tosh the Impaler (Gargoyle Fighter)                Turns: 60558, Time: 03:02:04

Health: -4/153     AC: 29    Str: 31    XL:     23   Next: 83%
Magic:  26/26      EV: 21    Int: 10    God:    Okawaru [******]
Gold:   3641       SH: 30    Dex: 16    Spells: 0 memorised, 22 levels left

rFire  + + .     SeeInvis +     a - +8 demon trident "Jaes Pyegroq" {elec, Str+4}
rCold  + . .     Clarity  .     o - +1 scale mail "Niujium" {rF+ MR+ rCorr}
rNeg   + + +     SustAt   .     n - +7 large shield of the Armoured One {rN++ MR+ Stlth+}
rPois  ∞         Gourm    .     S - +0 helmet of the Engineer {rF+ rN+ Slay+3}
rElec  +         Spirit   .     Z - +2 cloak {rC+}
rCorr  +         Warding  .     f - +2 pair of gloves {Str+3}
rMut   +         Stasis   .     p - +2 pair of boots
MR     +++++                    I - amulet of resist mutation
Stlth  ++........               C - ring of protection from magic
                                c - ring of Incredulity {rElec rPois MR+ SInv Stlth+}

@: corroded equipment, flying, almost entirely resistant to hostile
enchantments, unstealthy
A: big wings, blurry vision 1, low mp 1, negative energy resistance 1,
electricity resistance, strong 1, unbreathing, petrification resistance, rot
immunity, AC +17
a: Stop Flying, Heroism, Finesse, Renounce Religion
}: 2/15 runes: decaying, serpentine


You were on level 5 of the Pits of Slime.
You worshipped Okawaru.
Okawaru was exalted by your worship.
You were not hungry.

You visited 7 branches of the dungeon, and saw 45 of its levels.
You visited 1 bazaar.
You also visited: Bailey and Ice Cave.

You collected 4910 gold pieces.
You spent 1269 gold pieces at shops.

Inventory:

Hand Weapons
 a - the +8 demon trident "Jaes Pyegroq" (weapon) {elec, Str+4}
   (You acquired it in a bailey)

   Occasionally, upon striking a foe, it will discharge some electrical energy
   and cause terrible harm.
   It affects your strength (+4).
Missiles
 U - 3 poisoned javelins (quivered)
Armour
 f - a +2 pair of gloves of strength (worn)
 n - the +7 large shield of the Armoured One (worn) {rN++ MR+ Stlth+}
   (You took it off Mennas on level 3 of the Vaults)

   It greatly protects you from negative energy.
   It affects your resistance to hostile enchantments.
   It makes you more stealthy.
 o - the +1 scale mail "Niujium" (worn) {rF+ MR+ rCorr}
   (You bought it in a shop in a bazaar)

   It protects you from fire.
   It affects your resistance to hostile enchantments.
   It protects you from acid and corrosion.
 p - a +2 pair of boots (worn)
 N - the +8 chain mail of the Gate {-Tele rF+++ rC- Slay+2}
   (Okawaru gifted it to you on level 3 of the Vaults)

   It affects your accuracy and damage with ranged weapons and melee attacks
   (+2).
   It renders you almost immune to fire.
   It makes you vulnerable to cold.
   It prevents most forms of teleportation.
 Q - a +1 pair of gloves of cold resistance
 S - the +0 helmet of the Engineer (worn) {rF+ rN+ Slay+3}
   (You bought it in a shop on level 10 of the Dungeon)

   It affects your accuracy and damage with ranged weapons and melee attacks
   (+3).
   It protects you from fire.
   It protects you from negative energy.
 T - a +3 scale mail of fire resistance
 Z - a +2 cloak of cold resistance (worn)
Jewellery
 c - the ring of Incredulity (left hand) {rElec rPois MR+ SInv Stlth+}
   (You found it on level 3 of the Vaults)

   [ring of poison resistance]

   It insulates you from electricity.
   It protects you from poison.
   It affects your resistance to hostile enchantments.
   It lets you see invisible.
   It makes you more stealthy.
 q - an uncursed ring of protection from fire
 u - an uncursed amulet of stasis
 x - an uncursed amulet of resist corrosion
 C - a ring of protection from magic (right hand)
 I - an amulet of resist mutation (around neck)
 O - an uncursed ring of sustain attributes
Wands
 r - a wand of confusion (24)
 t - a wand of draining (5)
 y - a wand of digging (5)
 z - a wand of teleportation (3)
 R - a wand of heal wounds (0)
 X - a wand of disintegration (24)
 Y - a wand of teleportation (9)
Scrolls
 d - a scroll of identify
 g - 14 scrolls of remove curse
 i - 5 scrolls of fear
 j - 12 scrolls of teleportation
 D - 2 scrolls of brand weapon
 P - 3 scrolls of fog
 V - a scroll of summoning
 W - 4 scrolls of enchant weapon
Potions
 h - 15 potions of curing
 l - 3 potions of resistance
 s - 2 potions of invisibility
 v - a potion of might
 w - 9 potions of agility
 B - 3 potions of cure mutation
 H - 5 potions of cancellation
 M - 4 potions of brilliance
Comestibles
 e - 5 bread rations
 k - 9 meat rations
 A - 13 beef jerkies
 E - 16 fruits
 F - 5 slices of pizza


   Skills:
 + Level 18.6 Fighting
 - Level 18.9 Polearms
 - Level 15.3 Armour
 - Level 17.3 Dodging
 - Level 17.8 Shields
 - Level 8.0 Invocations


You had 22 spell levels left.
You didn't know any spells.

Dungeon Overview and Level Annotations

Branches:
Dungeon (15/15)              Lair (8/8) D:8           Swamp (4/4) Lair:6
  Snake (4/4) Lair:3        Slime (6/6) Lair:6          Orc (4/4) D:9
    Elf (0/3) Orc:3        Vaults (4/5) D:13          Crypt (0/3) Vaults:2
 Depths (0/5) D:15
 Temple: D:4-7

Altars:
Dithmenos
Elyvilon
Gozag
Kikubaaqudgha
Makhleb
Qazlal
Ru
Sif Muna
Vehumet
Xom
Yredelemnul
Zin
Beogh
Jiyva

Shops:
D:10 [   D:15 (   Orc:3 ?::   Orc:4 (:[*   Vaults:2 [   Vaults:3 *

Portals:
Hell: Lair:8
Trove: D:12 (give +5 demon whip)


Innate Abilities, Weirdness & Mutations

You are resistant to torment.
Your stone body is resilient (AC +17).
You are immune to poison.
Your large and strong wings let you fly indefinitely.
You resist negative energy.
You are resistant to electric shocks.
You can survive without breathing.
You are immune to petrification.
You are immune to rotting.
Scrolls take you a little longer to read.
Your magical capacity is low (-10% MP).
Your muscles are strong. (Str +2)


Message History

The death ooze closely misses you.
You impale the acid blob!!
You kill the acid blob!
That felt strangely unrewarding.
Unknown command.
You impale the death ooze!!
The death ooze is moderately damaged.
The azure jelly hits you but does no damage.
The azure jelly completely misses you. You block the azure jelly's attack.
You block the azure jelly's attack.
The death ooze hits you but does no damage.
The death ooze hits you.
* * * LOW HITPOINT WARNING * * *
You impale the death ooze!!
You destroy the death ooze!
That felt strangely unrewarding.
You block the azure jelly's attack. The azure jelly hits you.
* * * LOW HITPOINT WARNING * * *
The azure jelly freezes you!! You resist.
You die...

#### ########### # ##
####..#####..#.#..#.##
##.#.##.#..................##
#..................#........##
#....................#......#
#.........<..J.............#
##.#.##.....@.............#
#...##.............#.....#
##.. #..................## ##
##.##..................###.#
###........#...............
##.##....#...##.......... #.
#........##.........#
#...........####........#
##.##........# #.........


You could see an azure jelly.

Vanquished Creatures
  the royal jelly (Slime:6)
  Mennas (Vaults:3)
  Saint Roka (Vaults:1)
  Nikola (Snake:1)
  2 liches (Vaults:2)
  17 acid blobs
  2 thorn hunters
  2 sphinxes
  10 azure jellies
  Kirke (D:14)
  2 fire giants
  17 greater nagas
  A tengu reaver (Vaults:1)
  Donald (Snake:1)
  An orc warlord (Orc:3)
  Aizul (Snake:1)
  A frost giant (Vaults:2)
  12 vault wardens
  12 ironheart preservers
  5 ghouls (Vaults:1)
  6 stone giants
  A salamander stormcaller (Vaults:4)
  The ghost of Ordine the Eclecticist, a journeyman DEAE of Vehumet (Lair:8)
  5 death oozes
  Snorg (Lair:6)
  A crystal guardian (Vaults:3)
  5 vault guards
  9 yaktaur captains
  Josephine (Lair:4)
  12 great orbs of eyes
  The ghost of Ohli the Protected, a journeyman DsFi of Makhleb (Lair:3)
  Fannar (D:11)
  Erolcha (Orc:3)
  3 ice dragons
  12 hydras
  24 naga warriors
  A catoblepas (Lair:6)
  10 centaur warriors
  Erica (D:8)
  10 anacondas
  A queen ant (D:13)
  13 ogre magi
  A dancing weapon (Vaults:3)
  2 tengu warriors
  5 alligators
  9 shock serpents
  11 naga sharpshooters
  2 orc high priests
  2 deep troll shamans
  Sonja (D:11)
  A storm dragon zombie (Vaults:3)
  2 soul eaters (Vaults:4)
  3 salamander mystics
  3 shadow wraiths
  8 deep trolls
  4 hell knights (Vaults:1)
  5 iron trolls (Vaults:1)
  7 skeletal warriors (Vaults:1)
  4 unseen horrors
  4 deep elf knights (Vaults:1)
  A spriggan druid (Swamp:2)
  A fire crab (Vaults:3)
  12 naga ritualists
  18 orc knights
  5 swamp dragons
  4 shambling mangroves
  The ghost of Ohli the Cleaver, a novice DsFi of Nemelex Xobeh (D:9)
  10 hill giants
  2 wolf spider zombies
  Pikel (D:6)
  The ghost of blinkfrog the Covered, a novice DDNe (Bailey)
  14 ironbrand convokers
  13 mana vipers
  13 salamanders
  A deep elf conjurer (Vaults:2)
  3 harpies (Vaults:1)
  A fire giant zombie (Vaults:3)
  8 cyclopes
  8 necromancers
  4 orc sorcerers
  8 griffons
  An oklob plant (Lair:7)
  6 wolf spiders
  A manticore (D:15)
  The ghost of zigs the Magician, a novice HEIE of Okawaru (D:8)
  10 elephants
  6 hornets
  10 shining eyes
  36 black mambas
  6 guardian serpents (Snake:4)
  38 ugly things
  9 wizards
  14 vault sentinels
  4 centaur zombies
  A sixfirhy (Lair:8)
  4 eyes of devastation
  Joseph (D:7)
  4 orange demons (Lair:8)
  A torpor snail (Lair:7)
  A smoke demon (Lair:8)
  An ice statue (IceCv)
  18 naga magi
  9 kobold demonologists
  An efreet (D:13)
  A human zombie (Vaults:3)
  21 spiny frogs
  10 komodo dragons
  2 fire drakes
  3 gargoyles
  The ghost of tosh the Poker, a novice GrFi (D:4)
  2 tengu conjurers
  17 freezing wraiths
  37 yaktaurs
  A komodo dragon (shapeshifter) (Vaults:3)
  2 deep elf priests
  2 red devils (Lair:8)
  A wind drake (Bailey)
  A hellwing (Lair:8)
  A queen bee (shapeshifter) (Vaults:2)
  4 polar bears
  10 trolls
  2 jumping spiders (Vaults:4)
  A shadow dragon simulacrum (Vaults:3)
  3 blue devils (Lair:8)
  Grinder (D:3)
  A hornet zombie (D:15)
  27 blink frogs
  A fire giant simulacrum (Vaults:2)
  8 bog bodies
  6 giant leeches
  17 two-headed ogres
  160 slime creatures
  2 blink frogs (shapeshifter) (Vaults:1)
  A sphinx simulacrum (Vaults:1)
  4 vampires (Vaults:1)
  6 boulder beetles
  2 shadows
  48 yaks
  5 spriggans (Swamp:2)
  11 humans
  6 redbacks
  5 wraiths
  7 deep elf magi
  3 hogs (D:14)
  7 swamp worm simulacra (Swamp:4)
  8 wargs
  10 hippogriffs
  A human (shapeshifter) (Vaults:2)
  Grum (D:8)
  3 basilisks
  3 wyverns
  30 swamp worms
  41 vampire mosquitoes
  7 golden eyes
  9 soldier ants (D:13)
  Menkaure (D:6)
  A hippogriff (shapeshifter) (Vaults:3)
  5 hungry ghosts
  71 nagas
  4 deep elf fighters
  A wolf (shapeshifter) (Vaults:1)
  18 insubstantial wisps
  2 death yak simulacra (IceCv)
  3 mottled dragons
  14 hydra simulacra (Swamp:4)
  A soldier ant (shapeshifter) (Vaults:1)
  13 water moccasins
  7 porcupines
  Duvessa (D:7)
  A hell hound (Lair:8)
  63 orc warriors
  7 swamp drakes
  17 wolves
  4 phantoms
  12 eyes of draining
  10 ice beasts
  7 necrophages
  6 sky beasts
  17 wasps
  26 crocodiles
  14 centaurs
  A brain worm (D:14)
  5 big kobolds
  46 ogres
  Blork the orc (Orc:4)
  A wyvern zombie (D:7)
  Dowan (D:7)
  26 giant frogs
  A human skeleton (Vaults:3)
  A wyvern skeleton (D:9)
  6 scorpions
  An elephant simulacrum (IceCv)
  27 wights
  6 electric eels
  The ghost of tosh the Shield-Bearer, a weakling GrFi (D:3)
  3 quasits
  A giant frog zombie (D:12)
  5 crimson imps
  32 orc wizards
  A wasp zombie (D:8)
  5 draconian simulacra (IceCv)
  3 hounds
  5 centaur skeletons
  Crazy Yiuf (D:3)
  7 iguanas
  30 jellies
  37 orc priests
  Terence (D:3)
  2 hell rats (Lair:5)
  22 worker ants
  22 sheep
  3 spriggan simulacra (IceCv)
  A centaur simulacrum (IceCv)
  A wolf simulacrum (IceCv)
  5 troll simulacra (IceCv)
  4 worker ant zombies
  10 gnolls
  76 river rats
  12 adders
  2 ogre simulacra (IceCv)
  6 shadow imps
  4 naga simulacra (IceCv)
  12 white imps (IceCv)
  2 oozes
  A swamp drake simulacrum (Swamp:4)
  2 adder skeletons
  2 worms
  3 giant geckos
  225 orcs
  A giant cockroach (D:2)
  2 gnoll zombies (D:4)
  20 goblins
  10 hobgoblins
  10 kobolds
  2 quokkas
  20 bats
  6 giant newts
  18 jackals
  A quokka zombie (D:5)
  15 rats
  4 briar patches
  A butterfly (D:4)
  3 fire vortices (Vaults:4)
  A plant (Lair:8)
2272 creatures vanquished.

Vanquished Creatures (others)
  An azure jelly (Swamp:4)
  An ogre mage (Vaults:4)
  A vault sentinel (Vaults:4)
  A spriggan (Swamp:2)
  A human (D:14)
  2 vampire mosquitoes (Swamp:4)
  A swamp worm (Swamp:4)
  2 slaves (D:6)
  A wasp (Swamp:4)
  An ogre (Vaults:4)
  A giant frog zombie (D:6)
  An orc wizard (Orc:4)
  A hound zombie (D:6)
  An adder (D:6)
  An orc (Bailey)
  2 jackals (D:6)
  A briar patch (Swamp:2)
  7 fungi
27 creatures vanquished.

Grand Total: 2299 creatures vanquished

Notes
Turn   | Place    | Note
--------------------------------------------------------------
     0 | D:1      | tosh the Gargoyle Fighter began the quest for the Orb.
     0 | D:1      | Reached XP level 1. HP: 14/14 MP: 1/1
   301 | D:1      | Reached XP level 2. HP: 19/19 MP: 2/2
   661 | D:1      | Reached XP level 3. HP: 23/23 MP: 3/3
  1222 | D:2      | Found a burning altar of Makhleb.
  1259 | D:2      | Found a shadowy altar of Dithmenos.
  1353 | D:2      | Found a white marble altar of Elyvilon.
  1366 | D:2      | Found an ancient bone altar of Kikubaaqudgha.
  1906 | D:3      | Noticed Terence
  1923 | D:3      | Killed Terence
  1923 | D:3      | Reached skill level 4 in Polearms
  1923 | D:3      | Reached XP level 4. HP: 23/28 MP: 4/4
  2008 | D:3      | Noticed Grinder
  2022 | D:3      | Killed Grinder
  2022 | D:3      | Reached skill level 5 in Polearms
  2022 | D:3      | Reached XP level 5. HP: 3/32 MP: 5/5
  2022 | D:3      | Reached XP level 6. HP: 3/37 MP: 6/6
  2368 | D:3      | Reached skill level 6 in Polearms
  2827 | D:3      | Noticed Crazy Yiuf
  2838 | D:3      | Killed Crazy Yiuf
  2968 | D:3      | Noticed tosh's ghost (weakling GrFi)
  3025 | D:3      | Killed tosh's ghost
  3391 | D:4      | Found a basalt altar of Yredelemnul.
  3400 | D:4      | Noticed tosh's ghost (novice GrFi)
  3901 | D:4      | Found a shimmering altar of Xom.
  3957 | D:4      | Reached XP level 7. HP: 9/41 MP: 7/7
  4261 | D:4      | Found a deep blue altar of Sif Muna.
  5297 | D:4      | Killed tosh's ghost
  5297 | D:4      | Reached skill level 7 in Polearms
  5643 | D:4      | Reached skill level 8 in Polearms
  5846 | D:5      | Entered Level 5 of the Dungeon
  5855 | D:5      | Reached XP level 8. HP: 40/46 MP: 8/8
  6367 | D:5      | Found a sacrificial altar of Ru.
  6396 | D:5      | Noticed a gargoyle
  6857 | D:6      | Noticed Pikel
  6877 | D:6      | Killed Pikel
  6877 | D:6      | Reached skill level 9 in Polearms
  6989 | D:6      | Reached skill level 10 in Polearms
  7078 | D:6      | Reached XP level 9. HP: 51/51 MP: 9/9
  7413 | D:6      | Noticed Menkaure
  7476 | D:6      | Killed Menkaure
  7645 | D:6      | Reached skill level 11 in Polearms
  8503 | D:7      | Noticed Joseph
  8539 | D:7      | Killed Joseph
  8658 | D:7      | Found a flagged portal.
  8664 | Bailey   | Entered a bailey
  8664 | Bailey   | Noticed blinkfrog's ghost (novice DDNe)
  8714 | Bailey   | Killed blinkfrog's ghost
  8714 | Bailey   | Reached skill level 12 in Polearms
  8784 | Bailey   | Reached XP level 10. HP: 38/56 MP: 10/10
  8914 | Bailey   | Found an iron altar of Okawaru.
  8914 | Bailey   | Noticed an orc sorcerer
  8940 | Bailey   | Noticed a soul eater
  8985 | Bailey   | Killed an orc sorcerer
  8985 | Bailey   | Reached skill level 13 in Polearms
  9262 | Bailey   | Became a worshipper of Warmaster Okawaru
  9622 | Bailey   | Got an ichor-stained demon trident
  9623 | Bailey   | Identified the +8 demon trident "Jaes Pyegroq" {elec, Str+4} (You acquired it in a bailey)
 10037 | Bailey   | Reached * piety under Okawaru
 10102 | Bailey   | Noticed an orc knight
 10113 | Bailey   | Killed an orc knight
 10300 | Bailey   | Reached ** piety under Okawaru
 10300 | Bailey   | Reached skill level 14 in Polearms
 10459 | D:7      | Found an ancient bone altar of Kikubaaqudgha.
 10631 | D:7      | Noticed Duvessa
 10634 | D:7      | Noticed Dowan
 10653 | D:7      | Killed Duvessa
 10656 | D:7      | Killed Dowan
 10656 | D:7      | Reached XP level 11. HP: 58/60 MP: 11/11
 11144 | D:8      | Noticed Erica
 11176 | D:8      | Killed Erica
 11176 | D:8      | Reached *** piety under Okawaru
 11363 | D:8      | Noticed zigs's ghost (novice HEIE)
 11379 | D:8      | Killed zigs's ghost
 11379 | D:8      | Reached skill level 15 in Polearms
 11649 | D:8      | Noticed Grum
 11663 | D:8      | Killed Grum
 11663 | D:8      | Reached skill level 5 in Fighting
 11862 | D:8      | Found a stormy altar of Qazlal.
 11923 | D:8      | Found a staircase to the Lair.
 12000 | D:9      | Reached **** piety under Okawaru
 12249 | D:9      | Noticed a centaur warrior
 12254 | D:9      | Killed a centaur warrior
 12637 | D:9      | Found a staircase to the Orcish Mines.
 12655 | D:9      | Noticed Ohli's ghost (novice DsFi)
 12662 | D:9      | Killed Ohli's ghost
 12662 | D:9      | Reached ***** piety under Okawaru
 12809 | D:9      | Found an opulent altar of Gozag.
 12812 | D:9      | Found a glowing silver altar of Zin.
 13001 | D:10     | Entered Level 10 of the Dungeon
 13059 | D:10     | Reached XP level 12. HP: 76/76 MP: 12/12
 13416 | D:10     | Reached skill level 10 in Fighting
 13521 | D:10     | Found Irucsiupt's Antique Armour Emporium.
 13530 | D:10     | Bought a bloodstained helmet for 304 gold pieces
 13530 | D:10     | Bought a shiny scale mail for 128 gold pieces
 13540 | D:10     | Identified the +0 helmet of the Engineer {rF+ rN+ Slay+3} (You bought it in a shop on level 10 of the Dungeon)
 13955 | D:11     | Noticed Fannar
 14079 | D:11     | Killed Fannar
 14079 | D:11     | Received a gift from Okawaru
 14079 | D:11     | Reached skill level 5 in Armour
 14085 | D:11     | Got a pair of warped boots {god gift}
 14096 | D:11     | Identified the -6 pair of boots "Xorivote" {rElec MR- Int+4 Dex+11} (Okawaru gifted it to you on level 11 of the Dungeon)
 14406 | D:11     | Noticed Sonja
 14428 | D:11     | Killed Sonja
 15222 | D:12     | Reached skill level 10 in Armour
 15442 | D:12     | Noticed a vault guard
 15448 | D:12     | Killed a vault guard
 15448 | D:12     | Reached XP level 13. HP: 73/82 MP: 13/13
 15488 | D:12     | Found a portal to a secret trove of treasure.
 15903 | Orc:1    | Entered Level 1 of the Orcish Mines
 15903 | Orc:1    | Found a roughly hewn altar of Beogh.
 16225 | Orc:1    | Received a gift from Okawaru
 16823 | Orc:3    | Found a staircase to the Elven Halls.
 16867 | Orc:3    | Found Jarevul's Magic Scroll Shoppe.
 16894 | Orc:3    | Bought a scroll of identify for 32 gold pieces
 16894 | Orc:3    | Bought a scroll of identify for 32 gold pieces
 16894 | Orc:3    | Bought a scroll of identify for 32 gold pieces
 16894 | Orc:3    | Bought a scroll of identify for 32 gold pieces
 16913 | Orc:3    | Found a roughly hewn altar of Beogh.
 16953 | Orc:3    | Noticed Erolcha
 16957 | Orc:3    | Killed Erolcha
 17008 | Orc:3    | Found Qicousis's Book Shoppe.
 17008 | Orc:3    | Found Iluo's Book Emporium.
 17740 | Orc:4    | Entered Level 4 of the Orcish Mines
 18039 | Orc:4    | Noticed an orc warlord
 18404 | Orc:4    | Found a roughly hewn altar of Beogh.
 18440 | Orc:3    | Killed an orc warlord
 18440 | Orc:3    | Received a gift from Okawaru
 18588 | Orc:4    | Noticed Blork the orc
 18611 | Orc:4    | Killed Blork the orc
 18751 | Orc:4    | Found Veaces's Antique Armour Emporium.
 18973 | Orc:4    | Found Panlurax's General Store.
 19494 | Orc:4    | Found Tyobuaf's Book Emporium.
 19615 | Orc:4    | Found Xojuhy's Antique Weapon Emporium.
 19790 | Lair:1   | Entered Level 1 of the Lair of Beasts
 20826 | Lair:2   | Reached skill level 15 in Armour
 20828 | Lair:2   | Gained mutation: Your large and strong wings let you fly indefinitely. [Gargoyle growth]
 20828 | Lair:2   | Reached XP level 14. HP: 88/88 MP: 14/14
 21614 | Lair:3   | Reached skill level 1 in Dodging
 21742 | Lair:3   | Noticed Ohli's ghost (journeyman DsFi)
 21770 | Lair:3   | Killed Ohli's ghost
 22370 | Lair:3   | Reached ****** piety under Okawaru
 22558 | Lair:3   | Found a staircase to the Snake Pit.
 22747 | Lair:4   | Got a brightly glowing hat
 22758 | Lair:4   | Identified the +1 hat of the Jabberwock {Dex+2} (You found it on level 4 of the Lair of Beasts)
 23020 | Lair:4   | Received a gift from Okawaru
 23020 | Lair:4   | Reached skill level 5 in Dodging
 23089 | Lair:4   | Noticed Josephine
 23110 | Lair:4   | Killed Josephine
 24628 | Lair:6   | Noticed Snorg
 24639 | Lair:6   | Killed Snorg
 24639 | Lair:6   | Received a gift from Okawaru
 25095 | Lair:6   | Found a staircase to the Slime Pits.
 25248 | Lair:6   | Found a staircase to the Swamp.
 26148 | Lair:7   | Reached XP level 15. HP: 92/92 MP: 15/15
 26954 | Lair:8   | Entered Level 8 of the Lair of Beasts
 27012 | Lair:8   | Received a gift from Okawaru
 27075 | Lair:8   | Reached skill level 10 in Dodging
 27295 | Lair:8   | Found a burning altar of Makhleb.
 27348 | Lair:8   | Reached skill level 5 in Shields
 27455 | Lair:8   | Found a gateway to Hell.
 27474 | Lair:8   | Got a distressingly furry cloak
 27487 | Lair:8   | Identified the +4 cloak of Light {rC- rCorr Stlth+} (You found it on level 8 of the Lair of Beasts)
 27818 | Lair:8   | Noticed Ordine's ghost (journeyman DEAE)
 27831 | Lair:8   | Killed Ordine's ghost
 27831 | Lair:8   | Received a gift from Okawaru
 28824 | D:13     | Received a gift from Okawaru
 28828 | D:13     | Got a fine ring mail {god gift}
 28839 | D:13     | Identified the +1 ring mail of the Monkey's Uncle {-Tele rPois Int+11} (Okawaru gifted it to you on level 13 of the Dungeon)
 29158 | D:13     | Found a roughly hewn altar of Beogh.
 29474 | D:13     | Found a gate to the Vaults.
 29698 | D:14     | Found a frozen archway.
 29864 | IceCv    | Entered an ice cave
 30074 | IceCv    | Reached XP level 16. HP: 101/101 MP: 16/16
 30106 | IceCv    | Found an ancient bone altar of Kikubaaqudgha.
 30249 | IceCv    | Got a slimy chain mail
 30353 | IceCv    | Reached skill level 10 in Shields
 30381 | IceCv    | Identified the +0 chain mail of a treasure trove {Str+4} (You found it in an ice cave)
 30646 | D:14     | Noticed Kirke
 30661 | D:14     | Killed Kirke
 31325 | D:15     | Entered Level 15 of the Dungeon
 31334 | D:15     | Received a gift from Okawaru
 31557 | D:15     | Found Fumeod's Antique Weapon Shoppe.
 32086 | D:15     | Found a staircase to the Depths.
 32765 | Swamp:1  | Entered Level 1 of the Swamp
 34110 | Swamp:2  | Received a gift from Okawaru
 34118 | Swamp:2  | Got a transparent hand axe {god gift}
 34119 | Swamp:2  | Identified the +6 hand axe "Levvuich" {freeze, rF- rC+ rN+} (Okawaru gifted it to you on level 2 of the Swamp)
 34202 | Swamp:2  | Noticed a thorn hunter
 34222 | Swamp:2  | Killed a thorn hunter
 34979 | Swamp:3  | Reached XP level 17. HP: 112/112 MP: 17/17
 35202 | Swamp:3  | Reached XP level 18. HP: 117/117 MP: 18/18
 35945 | Swamp:4  | Entered Level 4 of the Swamp
 36083 | Swamp:4  | Reached skill level 15 in Fighting
 36132 | Swamp:4  | Received a gift from Okawaru
 36146 | Swamp:4  | Identified a +1 pair of boots of running (Okawaru gifted it to you on level 4 of the Swamp)
 37203 | Swamp:4  | Got a decaying rune of Zot
 38120 | Snake:1  | Entered Level 1 of the Snake Pit
 38120 | Snake:1  | Noticed Nikola
 38140 | Snake:1  | Killed Nikola
 38140 | Snake:1  | Reached skill level 16 in Fighting
 38366 | Snake:1  | Noticed Aizul
 38382 | Snake:1  | Killed Aizul
 38406 | Snake:1  | Noticed Donald
 38443 | Snake:1  | Killed Donald
 38749 | Snake:1  | Found a radiant altar of Vehumet.
 40035 | Snake:2  | Received a gift from Okawaru
 40361 | Snake:2  | Reached XP level 19. HP: 105/125 MP: 19/19
 41502 | Snake:3  | Gained mutation: Your muscles are strong. (Str +2) [potion of beneficial mutation]
 41713 | Snake:4  | Entered Level 4 of the Snake Pit
 42210 | Snake:4  | Received a gift from Okawaru
 42217 | Snake:4  | Got a slimy trident {god gift}
 42251 | Snake:3  | Identified the +1 trident of Temperance {drain, *Drain rElec Str+6 Int+4} (Okawaru gifted it to you on level 4 of the Snake Pit)
 42631 | Snake:4  | Reached skill level 17 in Polearms
 42845 | Snake:4  | Received a gift from Okawaru
 42872 | Snake:4  | Got a serpentine rune of Zot
 43179 | Snake:4  | Reached XP level 20. HP: 112/132 MP: 20/20
 43774 | Snake:4  | Received a gift from Okawaru
 44276 | Vaults:1 | Entered Level 1 of the Vaults
 45177 | Vaults:1 | Reached skill level 15 in Dodging
 46008 | Vaults:1 | Reached skill level 18 in Polearms
 46410 | Vaults:1 | Received a gift from Okawaru
 46533 | Vaults:1 | Reached XP level 21. HP: 118/136 MP: 21/21
 46772 | Vaults:1 | Received a gift from Okawaru
 47029 | Vaults:1 | Noticed Saint Roka
 47048 | Vaults:1 | Killed Saint Roka
 48137 | Vaults:2 | Found a basalt altar of Yredelemnul.
 48326 | Vaults:2 | Found a staircase to the Crypt.
 48728 | Vaults:2 | Received a gift from Okawaru
 49083 | Vaults:2 | Found Utomazah's Armour Boutique.
 50119 | Vaults:3 | Noticed Mennas
 50237 | Vaults:3 | Killed Mennas
 50633 | Vaults:3 | Got a slimy large shield
 50640 | Vaults:3 | Found a flickering gateway to a bazaar.
 50649 | Bazaar   | Entered a bazaar
 50649 | Bazaar   | Found Maseajaet's Antique Weapon Shop.
 50662 | Bazaar   | Identified the +7 large shield of the Armoured One {rN++ MR+ Stlth+} (You took it off Mennas on level 3 of the Vaults)
 50672 | Bazaar   | Found Jityir's Antique Armour Shop.
 50680 | Bazaar   | Bought a pair of crude gloves for 171 gold pieces
 50680 | Bazaar   | Bought a distressingly furry scale mail for 162 gold pieces
 50680 | Bazaar   | Bought a distressingly furry scale mail for 162 gold pieces
 50699 | Bazaar   | Found Nepietue's Distillery.
 50707 | Bazaar   | Bought a potion of might for 44 gold pieces
 50717 | Bazaar   | Identified the cursed +0 pair of gloves of the Moon {Dex+3} (You bought it in a shop in a bazaar)
 50727 | Bazaar   | Identified the +1 scale mail "Niujium" {rF+ MR+ rCorr} (You bought it in a shop in a bazaar)
 50737 | Bazaar   | Identified the +1 scale mail "Mas Yxtu" {rF+ Int+3 Stlth+} (You bought it in a shop in a bazaar)
 51024 | Vaults:3 | Got a brightly glowing iron ring
 51051 | Vaults:3 | Received a gift from Okawaru
 51056 | Vaults:3 | Reached XP level 22. HP: 142/142 MP: 22/22
 51085 | Vaults:3 | Got a fine chain mail {god gift}
 51096 | Vaults:3 | Identified the +8 chain mail of the Gate {-Tele rF+++ rC- Slay+2} (Okawaru gifted it to you on level 3 of the Vaults)
 51345 | Vaults:3 | Found Beuddure's Assorted Antiques.
 51350 | Vaults:3 | Bought a potion of heal wounds for 170 gold pieces
 51901 | Vaults:3 | Reached skill level 15 in Shields
 52774 | Vaults:4 | Received a gift from Okawaru
 53976 | Vaults:4 | Identified the ring of Incredulity {rElec rPois MR+ SInv Stlth+} (You found it on level 3 of the Vaults)
 54121 | Vaults:2 | Reached skill level 1 in Invocations
 54664 | Slime:1  | Entered Level 1 of the Pits of Slime
 54708 | Slime:1  | Gained mutation: Your magical capacity is low (-10% MP). [a shining eye]
 55536 | Slime:3  | Reached XP level 23. HP: 137/147 MP: 23/23
 55692 | Slime:3  | Reached skill level 5 in Invocations
 55920 | Slime:3  | Gained mutation: Scrolls take you a little longer to read. [a shining eye]
 56881 | Slime:3  | Received a gift from Okawaru
 57703 | Slime:6  | Entered Level 6 of the Pits of Slime
 58517 | Slime:6  | Noticed the royal jelly
 58558 | Slime:6  | Found a viscous altar of Jiyva.
 60214 | Slime:6  | Killed the royal jelly
 60214 | Slime:6  | Received a gift from Okawaru
 60558 | Slime:5  | Slain by an azure jelly

Vault maps used:
D:1:      ncdulo_halloftheorcs, grunt_decor_cap, hangedman_decor_peaks_small,
          bh_walls_and_bars
D:2:      lemuel_upstairs_altar, lemuel_crystal_altar, lemuel_doored_altar,
          lemuel_round_altar, elyvilon_altar_1, first_bread
D:3:      uniq_crazy_yiuf_cottage, uniq_grinder, uniq_terence
D:4:      wad_pebble_path, xom_butterflies, lemuel_round_altar,
          lemuel_zombie_altar_yredelemnul, kennysheep_generic_room_8
D:5:      minmay_temple_entry_enclosed_plants, nicolae_ru_the_path_less_chosen
D:6:      uniq_pikel, uniq_menkaure
D:7:      enter_bailey_3, basic_altar, minmay_misc_feat_encased,
          minmay_misc_feat_plants, uniq_joseph, uniq_duvessa
D:8:      kennysheep_mini, grunt_lair_entry_elf_guard_hut, uniq_erica, uniq_grum
D:9:      grunt_temple_overflow_gold_and_silver, david_orc_2, minivault_4
D:10:     serial_shops, shop, grunt_livestock
D:11:     uniq_sonja, uniq_fannar
D:12:     enter_trove_5
D:13:     david_vaults_1, spider_trap, minmay_another_anthill
D:14:     serial_bayou_ford_a, portal_ice_cave_entry_animals_and_master,
          uniq_kirke
D:15:     grunt_enter_depths_magical_seal, serial_shops, nicolae_shop_crystal,
          grunt_decor_arrowhead, hangedman_decor_clover_reticule
Lair:1:   infiniplex_staircase_pool
Lair:2:   columned_hall_lemuel, beast_lair_carwin_5, grunt_megastairs_4,
          bh_autumn_forest_stairs, serial_bayou_shore_a
Lair:3:   guppyfry_snake_entry_garden
Lair:4:   uniq_josephine
Lair:5:   kennysheep_rathole, grunt_forest_small_clearing_treed
Lair:6:   minmay_swamp_entry_worms, dpeg_slime_entry_corner, uniq_snorg
Lair:8:   evil_forest
Swamp:1:  serial_swamp_ruin, evilmike_swamp_ruin_house_6,
          evilmike_swamp_ruin_rubble_2
Swamp:2:  evilmike_swamp_ruin_house_3, swamp_pool2, lightli_tree_ring
Swamp:3:  evilmike_swamp_ruin_rubble_1
Swamp:4:  swamp_icy, swamp_pool3
Snake:1:  basic_altar, uniq_donald, uniq_nikola, uniq_aizul
Snake:4:  grunt_snake_rune_spirals, spider_trap
Slime:2:  cheibrodos_slime_lost_civilization_7
Slime:5:  cheibrodos_slime_lost_civilization_5
Orc:1:    basic_altar
Orc:3:    serial_shops, shop_fountains, shop, shop, nicolae_orc_pool_cavern,
          mines1_david, uniq_erolcha
Orc:4:    grunt_orc_cross
Vaults:1: v_misc_14, st_spiral_rooms, vaults_room_boxed, v_pattern_3,
          metal_show, ontoclasm_vaults_ring_square, v_alt_pattern_6,
          hangedman_vaults_hat, grunt_vaults_trifunnel, vaults_room_pool,
          ontoclasm_vaults_shuriken, nicolae_vaults_little_squares_1,
          uniq_saint_roka
Vaults:2: nicolae_vaults_three_branches, v_misc_2, nicolae_vaults_theta,
          v_misc_17, v_misc_12, v_misc_19, nicolae_vaults_little_squares_3,
          vaults_room_door_ring, v_misc_26, minmay_crypt_entry_nasty_monster,
          basic_altar, serial_shops, shop
Vaults:3: hangedman_vaults_corner, st_more_cells, v_rooms_5,
          vaults_standard_mumra_lines, hangedman_vaults_trim, v_misc_25,
          nicolae_vaults_little_squares_3, hangedman_vaults_restitches,
          grunt_vaults_swirl, v_alt_pattern_1, nicolae_vaults_ring_of_whatevers,
          nicolae_vaults_asterisk, vaults_room_pool, serial_shops,
          bzr_entry_dummy, shop, uniq_mennas, uniq_wiglaf
Vaults:4: hangedman_vaults_slice, ontoclasm_vaults_tryst, vaults_mumra_hexcomb,
          nicolae_vaults_ninety_degrees, hangedman_vaults_stream, v_misc_9,
          v_misc_23, vaults_room_octagon
Bazaar:   bazaar_jpeg_cross
Bailey:   bailey_axe_of_yendor_kennysheep, bailey
IceCv:    ice_cave_small_necro

Action                   |  1- 3 |  4- 6 |  7- 9 | 10-12 | 13-15 | 16-18 | 19-21 | 22-24 || total
-------------------------+-------+-------+-------+-------+-------+-------+-------+-------++-------
Melee: Trident           |   184 |   132 |   494 |    92 |       |       |       |       ||   902
       Demon trident     |       |       |       |   673 |  1716 |  1339 |  2103 |  1529 ||  7360
Throw: Javelin           |       |       |       |       |       |       |       |     1 ||     1
Invok: Heroism           |       |       |       |       |       |     1 |     1 |       ||     2
 Abil: Fly               |       |       |       |       |     1 |     2 |       |       ||     3
Evoke: Wand              |       |       |       |       |       |       |       |     4 ||     4
  Use: Scroll            |     1 |    11 |     6 |    11 |    15 |     9 |     8 |     8 ||    69
       Potion            |       |     1 |     2 |     3 |       |     2 |     6 |     6 ||    20
 Stab: Invisible         |       |       |     6 |       |       |       |       |       ||     6
       Petrified         |       |       |       |       |     1 |       |       |       ||     1
       Distracted        |       |       |       |       |     1 |     2 |       |     4 ||     7
       Sleeping          |       |       |       |       |       |       |     1 |     4 ||     5
  Eat: Chunk             |     3 |     3 |     3 |    15 |    30 |     7 |    11 |       ||    72
       Bread ration      |       |     1 |     2 |     2 |     1 |     4 |     4 |     5 ||    19
       Fruit             |       |       |     3 |       |     8 |    10 |     2 |       ||    23
       Pizza             |       |       |     1 |       |     4 |     1 |     3 |     1 ||    10
       Royal jelly       |       |       |       |       |       |       |     1 |       ||     1
       Beef jerky        |       |       |       |       |       |       |     2 |       ||     2
       Meat ration       |       |       |       |       |       |       |       |     1 ||     1
